 Dungeon Crawl Stone Soup version 0.26.0-10-g1f06aea511 (webtiles) character file.

Game seed: 2916528695364965555

103 dohliylev the Stinger (level 4, -5/18 HPs)
             Began as a Felid Venom Mage on Jan 17, 2021.
             Killed from afar by an orc wizard (10 damage)
             ... with a magic dart
             ... on level 4 of the Dungeon.
             The game lasted 00:07:20 (2265 turns).

dohliylev the Stinger (Felid Venom Mage)            Turns: 2265, Time: 00:07:20

Health: -5/18      AC:  1    Str:  4    XL:     4   Next: 51%
Magic:  10/10      EV: 23    Int: 18    God:
Gold:   84         SH:  0    Dex: 16    Spells: 7/10 levels left
                                        Lives:  0   Deaths: 1

rFire    . . .     SeeInvis +   (weapon unavailable)
rCold    . . .     Faith    +   (shield unavailable)
rNeg     . . .     Spirit   .   (armour unavailable)
rPois    .         Reflect  .   (helmet unavailable)
rElec    .         Harm     .   (cloak unavailable)
rCorr    .         Rampage  .   (gloves unavailable)
Will     .....                  (boots unavailable)
Stlth    ++++......             i - amulet of faith
HPRegen  0.06/turn              g - ring of stealth
MPRegen  0.12/turn              d - +4 ring of evasion

@: slowed, slow
A: very small, no armour, no weapons or thrown items, stealth, claws 1, fangs 3,
see invisible, speed 1, shaggy fur 1, sharp paws
a: no special abilities


You were on level 4 of the Dungeon.
You visited 1 branch of the dungeon, and saw 4 of its levels.

You collected 84 gold pieces.

Inventory:

Jewellery
 b - an uncursed ring of flight
 d - a +4 ring of evasion (right paw)
 g - a ring of stealth (left paw)
 i - an amulet of faith (around neck)
Scrolls
 a - 2 scrolls of enchant weapon {unknown}
 c - 2 scrolls of magic mapping {unknown}
 f - 5 scrolls of identify {unknown}
Potions
 e - a potion of brilliance {unknown}
 h - a potion of resistance {unknown}
 j - 2 potions of berserk rage {unknown}


   Skills:
 + Level 3.4 Dodging
 - Level 2.8 Stealth
 + Level 3.5 Spellcasting
 + Level 2.6 Transmutations
 + Level 0.7 Air Magic
 + Level 3.9 Poison Magic


You had 7 spell levels left.
You knew the following spells:

 Your Spells              Type           Power        Failure   Level
a - Sting                 Tmut/Pois      60%          4%          1
b - Poisonous Vapours     Pois/Air       22%          9%          2

Your spell library contained the following spells:

 Spells                   Type           Power        Failure   Level
 Magic Dart               Conj           12%          16%         1
 Ignite Poison            Fire/Tmut/Pois 11%          19%         3
 Blink                    Tloc           N/A          24%         2
 Call Imp                 Summ           3%           24%         2
 Slow                     Hex            3%           24%         2
 Mephitic Cloud           Conj/Pois/Air  8%           24%         3
 Olgreb's Toxic Radiance  Pois           17%          30%         4
 Conjure Flame            Conj/Fire      3%           43%         3


Dungeon Overview and Level Annotations

Branches:
Dungeon (4/15)
 Temple: D:4-7

Altars:


Innate Abilities, Weirdness & Mutations

You cannot wear armour.
You are incapable of wielding weapons or throwing items.
Your paws allow you to move quietly. (Stealth)
You have sharp claws.
You have razor-sharp teeth.
You have supernaturally acute eyesight. (SInv)
You cover ground quickly.
You are covered in fur. (AC +1)
Your sharp claws are effective at attacking unaware monsters.


Message History

The orc wizard hits you with a +0 dagger.
* * * LOW HITPOINT WARNING * * *
The orc wizard completely misses you.
Things that are here:
a +0 mace; a +0 leather armour; an orc corpse You barely miss the orc wizard.
Your bite misses the orc wizard.
The orc wizard is almost dead.
The orc wizard gestures wildly while chanting.
The orc wizard blinks!
The orc wizard points at you and mumbles some strange words.
You feel as though you will be slow longer.
You scratch the orc wizard.
The orc wizard is almost dead.
The orc wizard mumbles some strange words.
The orc wizard blinks!
The orc wizard misses you. The orc wizard closely misses you.
The orc wizard casts a spell at you. The magic dart hits you!
Ouch! That really hurt!
You die...

#.........#
###.........#
.......)....#
#..[.†[...#
....>..
#####)##### ......
..# #.# ......(..#
#)# #...#....# #.#
#...#....# #@#
#...#.... #.#
......# #o#
......####### #.#
......##....####.#
.................#
......##....######
......##....#
......##....#


You could see an orc wizard (fast).

Vanquished Creatures
  A scorpion (D:4)
  An orc wizard (D:4)
  A centaur skeleton (D:4)
  A worker ant (D:4)
  2 adders (D:2)
  A worm (D:2)
  2 leopard geckos (D:2)
  3 orcs (D:4)
  A ball python (D:4)
  7 bats
  6 giant cockroaches
  2 goblins
  7 hobgoblins
  4 jackals
  2 kobolds (D:1)
  A ball python skeleton (D:4)
  4 frilled lizards (D:1)
  A jackal skeleton (D:4)
  4 rats
51 creatures vanquished.

Notes
Turn   | Place    | Note
-------+----------+-------------------------------------------
     0 | D:1      | dohliylev the Felid Venom Mage began the quest for the Orb.
     0 | D:1      | Reached XP level 1. HP: 7/7 MP: 4/4
   135 | D:1      | Reached XP level 2. HP: 3/11 MP: 0/6
   367 | D:1      | Learned a level 2 spell: Poisonous Vapours
   939 | D:1      | Reached XP level 3. HP: 14/14 MP: 4/7
  1498 | D:2      | Reached XP level 4. HP: 11/18 MP: 0/9
  2145 | D:4      | Reached XP level 5. HP: 21/21 MP: 3/10
  2237 | D:4      | Killed from afar by an orc wizard
  2238 | D:4      | Reached XP level 4. HP: -1/18 MP: 2/10
  2265 | D:4      | Killed from afar by an orc wizard

Illustrated notes

Levels and vault maps discovered:
D:1:      mrwooster_arrival_statue, layout_loops_cross
D:2:      layout_basic, uniq_terence, uniq_robin
D:3:      layout_basic
D:4:      minmay_spotlight, layout_basic

Skill      XL: |  1  2  3  4 |
---------------+-------------+-----
Poison Magic   | 3 |  3.9
Dodging        | 3 |  3.4
Transmutations | 2 |  2.6
Spellcasting   | 3 |  3.5
Stealth        | |  2.8
Air Magic      | |  0.7

Action                   |  1- 3 |  4- 6 || total
-------------------------+-------+-------++-------
Melee: Unarmed           |    60 |    31 ||    91
       Bite              |     7 |     4 ||    11
 Cast: Sting             |    45 |    14 ||    59
       Poisonous Vapours |     9 |    11 ||    20
 Stab: Sleeping          |     2 |     2 ||     4
Armor: Skin              |     5 |     3 ||     8
Dodge: Dodged            |    79 |    49 ||   128
